 Dungeon Crawl Stone Soup version 0.25.0-37-gb73750e0fb (webtiles) character file.

Game seed: 4898779889347526688

337 Ethylacetat the Poker (level 6, -4/48 HPs)
             Began as a Demonspawn Gladiator on July 8, 2020.
             Slain by an orc
             ... wielding a +0 flail
              (5 damage)
             ... on level 4 of the Dungeon.
             The game lasted 00:05:31 (3124 turns).

Ethylacetat the Poker (Demonspawn Gladiator)        Turns: 3124, Time: 00:05:31

Health: -4/48      AC:  6    Str: 17    XL:     6   Next: 28%
Magic:  6/6        EV: 12    Int:  9    God:
Gold:   144        SH:  0    Dex: 14    Spells: 5/5 levels left

rFire    . . .     SeeInvis .   a - +0 trident
rCold    . . .     Gourm    .   (no shield)
rNeg     . . .     Faith    .   b - +0 leather armour
rPois    .         Spirit   .   c - +0 helmet
rElec    .         Reflect  .   (no cloak)
rCorr    .         Harm     .   (no gloves)
MR       .....                  (no boots)
Stlth    +.........             (no amulet)
HPRegen  0.16/turn              (no ring)
MPRegen  0.10/turn              (no ring)

@: no status effects
A: molten scales 1, demonic guardian 1
a: no special abilities


You were on level 4 of the Dungeon.
You were hungry.

You visited 1 branch of the dungeon, and saw 4 of its levels.

You collected 144 gold pieces.

Inventory:

Hand Weapons
 a - a +0 trident (weapon)
Missiles
 d - 3 throwing nets (quivered)
Armour
 b - a +0 leather armour (worn)
 c - a +0 helmet (worn)
Scrolls
 i - 2 scrolls of enchant weapon {unknown}
 j - a scroll of amnesia {unknown}
 o - 2 scrolls of teleportation {unknown}
 p - a scroll of identify {unknown}
Potions
 e - 2 potions of invisibility {unknown}
 g - 2 potions of mutation {unknown}
 h - a potion of stabbing {unknown}
 k - a potion of degeneration {unknown}
 l - 2 potions of curing {unknown}
 m - 2 potions of might {unknown}
 n - a potion of brilliance {unknown}
 r - a potion of flight {unknown}
Comestibles
 f - 3 rations
 q - 7 chunks of flesh


   Skills:
 + Level 4.1 Fighting
 * Level 5.5 Polearms
 - Level 1.7 Throwing
 - Level 2.6 Dodging


You had 5 spell levels left.
You didn't know any spells.
Your spell library was empty.

Dungeon Overview and Level Annotations

Branches:
Dungeon (4/15)
 Temple: D:4-7

Altars:
Dithmenos
Kikubaaqudgha
Uskayaw


Innate Abilities, Weirdness & Mutations

You are partially covered in molten scales. (AC +2)
A weak demonic guardian rushes to your aid.


Message History

The hound barely misses you.
Found a fizzy red potion. 2 orcs and an orc wizard come into view.
A hound comes into view.
The hound bites you.
* * * LOW HITPOINT WARNING * * *
The orc wizard shouts!
The hound bites you but does no damage. The orc closely misses you.
The hound bites you.
* * * LOW HITPOINT WARNING * * *
The orc closely misses you.
Your iron imp hits the orc.
The orc wizard gestures at you while chanting.
The magic dart hits you but does no damage.
You closely miss the orc. The hound bites you but does no damage.
The orc barely misses you. The hound bites you but does no damage.
Your iron imp barely misses the orc.
The orc wizard casts a spell at you. You resist with some effort.
The orc hits you with a +0 flail.
You die...

............# .........
............# .........
$..........## #.......#
...........# ##........
...........#####.........
.........................
..........#####.oh.......
.........## ##.oh5......#
.........# #..o@.......#
........## #...........#
.......## #............#
.#.....# #.....!.......#
.##...## #...........###
## ..## #..........## #
### #.........#.# #
####...####.#


You could see 2 hounds, an orc wizard, 2 orcs and a friendly iron imp
(summoned).

Vanquished Creatures
  Sigmund (D:3)
  3 gnolls (D:3)
  4 adders
  5 oozes
  A worm (D:2)
  A dart slug (D:2)
  2 leopard geckos
  4 orcs
  13 bats
  6 giant cockroaches
  7 goblins
  8 hobgoblins
  4 jackals (D:2)
  10 kobolds
  2 quokkas
  A ball python (D:1)
  3 frilled lizards (D:1)
  11 rats
86 creatures vanquished.

Notes
Turn   | Place    | Note
-------+----------+-------------------------------------------
     0 | D:1      | Ethylacetat the Demonspawn Gladiator began the quest for
                  | the Orb.
     0 | D:1      | Reached XP level 1. HP: 16/16 MP: 1/1
   164 | D:1      | Reached skill level 3 in Polearms
   169 | D:1      | Gained mutation: You are partially covered in molten
                  | scales. (AC +2) [demonic ancestry]
   169 | D:1      | Reached XP level 2. HP: 10/22 MP: 2/2
   978 | D:1      | Reached XP level 3. HP: 28/28 MP: 3/3
  1557 | D:2      | Reached skill level 4 in Polearms
  1590 | D:2      | Reached XP level 4. HP: 28/34 MP: 4/4
  2555 | D:3      | Reached XP level 5. HP: 33/41 MP: 5/5
  2937 | D:3      | Found a hide-covered altar of Uskayaw.
  2941 | D:3      | Found a shadowy altar of Dithmenos.
  2975 | D:3      | Found an ancient bone altar of Kikubaaqudgha.
  3057 | D:3      | Noticed Sigmund
  3075 | D:3      | Killed Sigmund
  3075 | D:3      | Reached skill level 5 in Polearms
  3075 | D:3      | Gained mutation: A weak demonic guardian rushes to your
                  | aid. [demonic ancestry]
  3075 | D:3      | Reached XP level 6. HP: 6/48 MP: 6/6
  3121 | D:4      | HP: 1/48 [hound (4)]
  3124 | D:4      | Slain by an orc

Illustrated notes

Levels and vault maps discovered:
D:1:      psy_arrival_dodecagon, layout_loops_ring, minmay_tree_intersection
D:2:      minmay_door_path, layout_basic, serial_bayou_pond_e,
          guppyfry_early_lair_pool
D:3:      layout_loops_ring, nicolae_overflow_hidden_temple,
          okawaru_metal_pillars_3, grunt_temple_overflow_open, uniq_sigmund
D:4:      layout_cave_pods, first_ration, gup_sewer_entry_bubbles,
          minmay_misc_feat_encased, tso_metal_star

Skill      XL: |  1  2  3  4  5 |
---------------+----------------+-----
Polearms       | 3 4 5 |  5.5
Fighting       | 3 4 |  4.1
Throwing       | |  1.7
Dodging        | |  2.6

Action                   |  1- 3 |  4- 6 || total
-------------------------+-------+-------++-------
Melee: Trident           |   179 |   172 ||   351
Throw: Throwing net      |       |     1 ||     1
 Stab: Sleeping          |     1 |       ||     1
       Held in net/web   |       |     1 ||     1
  Eat: Chunk             |     2 |     5 ||     7
Armor: Leather armour    |    54 |    53 ||   107
Dodge: Dodged            |    95 |   107 ||   202
